[Event "Late-Titled-Tuesday-Blitz-July-09-2024"]
[Site "Chess.com"]
[Date "2024.07.09"]
[Round "6"]
[White "Bykov_Egor"]
[Black "KevinGeorgeMicheal"]
[Result "0-1"]
[WhiteElo "2680"]
[BlackElo "2558"]
[TimeControl "180+1"]
[EndTime "15:06:11 PDT"]
[Termination "KevinGeorgeMicheal won by checkmate"]

1. Nf3 Nf6 2. g3 g6 3. Bg2 Bg7 4. O-O O-O 5. d4 d5 6. c4 c6 7.
Qb3 Qb6 8. Nc3 dxc4 9. Qxc4 Be6 10. Qd3 Rd8 11. e4 Na6 12. b3 Nb4 13. Qe2 a5 14.
Be3 Qa6 15. Qb2 Ng4 16. Bg5 Nd3 17. Qc2 f6 18. Bd2 Nb4 19. Qb2 Nd3 20. Qa3 Nb4 21. Rfc1 b5 22. Bf1 Qb7 23. h3 Nh6 24. Qb2 f5 25. e5 Nf7 26. Ne2 Nd3 27. Qc2 Nxc1 28. Rxc1 Bd5 29. Bg2 c5 30. Ne1 Bxg2 31. Nxg2 cxd4 32.
e6 Ne5 33. Qd1 Qe4 34. Rc7 Nf3+ 35. Kh1 Qxe6 36. Nef4 Qe4 37. Bc1 d3 38. Be3 Rac8 39. Bb6 Rxc7 40. Bxc7 Rd7 41. Bxa5 d2 42. g4 Ne1 43.
Kh2 Nxg2 44. Nxg2 Be5+ 45. Kg1 b4 46. gxf5 Qxf5 47. Ne3 Qxh3 48. Bxb4 Qh2+ 49. Kf1 Bf4 50. Ke2 Bxe3 51. Kxe3 Qe5+ 52. Kf3 Rd3+ 53. Kg2 Qd5+ 54. Kg1 Qe4 55. Bxd2 Qd4 56. Qe2 Rxd2 57. Qxe7 Qxf2+ 58. Kh1 Qh2# 0-1

[Event "Late-Titled-Tuesday-Blitz-July-09-2024"]
[Site "Chess.com"]
[Date "2024.07.09"]
[Round "6"]
[White "Vladimir_2020"]
[Black "VladimirKramnik"]
[Result "1/2-1/2"]
[WhiteElo "2777"]
[BlackElo "2971"]
[TimeControl "180+1"]
[EndTime "15:06:15 PDT"]
[Termination "Game drawn by stalemate"]

1. c4 Nf6 2. Nc3 e5 3. Nf3 Nc6 4. g3 d5 5. cxd5 Nxd5 6. Bg2 Nf6 7. O-O Bd6 8. b3 O-O 9. Bb2 Re8 10. d3 h6 11. Rc1 Bf5 12. Nd2 Qd7 13. Nce4 Nxe4 14. dxe4 Bg4 15. Nc4 Rad8 16. Nxd6 Qxd6 17. Qxd6 Rxd6 18.
f3 Be6 19. Rfd1 Red8 20. Rxd6 Rxd6 21. Rc2 Rd1+ 22. Kf2 f6 23. Bf1 a5 24. e3 Nb4 25. Be2 Rb1 26. Rd2 c5 27. f4 exf4 28.
gxf4 Nxa2 29. f5 Bxb3 30. e5 fxe5 31. Bxe5 Bf7 32. Rd8+ Kh7 33. Rd7 Kg8 34. Rd8+ Kh7 35. Bd3 Rd1 36. f6+ Rxd3 37. Rxd3 gxf6 38. Bxf6 Nb4 39. Rd6 a4 40. Rb6 Bd5 41. Rd6 a3 42. Ke2 a2 43. Kd2 Be4 44. Bc3 Nc2 45. Re6 Bf5 46. Re5 Kg6 47. Rxc5 a1=Q 48. Bxa1 Nxa1 49. Rb5 Nc2 50. Rxb7 Na3 51. Rb4 Kg5 52. e4 Be6 53. Kc3 Kf4 54. Rb6 Ke5 55. Rb4 Kf4 56. Rb6 Ke5 57. Rb4 Nc4 58. Rxc4 Bxc4 59. Kxc4 Kxe4 60. h4 Kf3 61. Kd3 h5 62. Kd2 Kg3 63. Ke2 Kxh4 64. Kf2 Kh3 65. Kg1 h4 66. Kh1 Kg3 67. Kg1 h3 68. Kh1 h2 1/2-1/2

[Event "Late-Titled-Tuesday-Blitz-July-09-2024"]
[Site "Chess.com"]
[Date "2024.07.09"]
[Round "6"]
[White "betta2004"]
[Black "KNVB"]
[Result "0-1"]
[WhiteElo "2510"]
[BlackElo "2670"]
[TimeControl "180+1"]
[EndTime "15:06:16 PDT"]
[Termination "KNVB won by checkmate"]

1. Nf3 c6 2. e3 d5 3. b3 Nf6 4. Bb2 Bf5 5. d4 h6 6. Nbd2 e6 7.
Bd3 Bd6 8. O-O Nbd7 9. Ne5 Qc7 10. f4 h5 11. Qf3 Bb4 12. Rad1 Bxd2 13. Rxd2 Ne4 14. Bxe4 Bxe4 15. Qg3 g6 16. c4 Qa5 17. Rdf2 Qxa2 18. cxd5 cxd5 19. f5 exf5 20. Rc1 Qa5 21. Nxd7 Kxd7 22. Qe5 Qb6 23. Ba3 Rhe8 24. Qg7 Qe6 25.
Rff1 Rac8 26. Bc5 b6 27. Bb4 a5 28. Ba3 Rxc1 29. Rxc1 Rc8 30. Rxc8 Kxc8 31. Qf8+ Kb7 32. Bd6 Qd7 33. Qb8+ Ka6 34. Be5 Kb5 35. Qf8 f4 36.
exf4 Qg4 37. Qe8+ Kb4 38. Bd6+ Kc3 39. Qc8+ Kd2 40. Qxg4 hxg4 41. Kf2 Kc3 42. b4 axb4 43.
h3 gxh3 44. gxh3 b3 45. Ba3 b2 46. Bxb2+ Kxb2 47. Ke3 Kb3 48. h4 Kc4 49. f5 Bxf5 50.
Kf4 f6 51. h5 gxh5 52. Kxf5 Kxd4 53. Kxf6 b5 54. Kg5 b4 55. Kh4 Kc3 56. Kxh5 d4 57. Kg5 d3 58. Kf5 b3 59. Kf4 d2 60. Kf5 b2 61. Kf4 Kc2 62. Kf5 d1=N 63. Kf4 b1=B 64.
Kf5 Kd3 65. Kf4 Nc3 66. Kf5 Ne4 67. Kf4 Kd4 68. Kf5 Bd3 69. Kf4 Be2 70. Kf5 Nc5 71. Kf4 Ne6+ 72. Kf5 Kd5 73. Kf6 Kd6 74. Kf5 Bd3+ 75.
Kf6 Be4 76. Kf7 Ke5 77. Kg8 Kf6 78. Kh8 Ng5 79. Kg8 Nf7 80. Kf8 Bh7 81. Ke8 Ne5 82.
Kf8 Nd7+ 83. Ke8 Ke6 84. Kd8 Kd6 85. Ke8 Bg6+ 86. Kd8 Bf7 87. Kc8 Nc5 88. Kd8 Nb7+ 89. Kc8 Kc6 90. Kb8 Kb6 91. Kc8 Be6+ 92. Kb8 Bd7 93. Ka8 Nc5 94. Kb8 Na6+ 95. Ka8 Bc6# 0-1

[Event "Late-Titled-Tuesday-Blitz-July-09-2024"]
[Site "Chess.com"]
[Date "2024.07.09"]
[Round "6"]
[White "K_A_S_T_O_R"]
[Black "ninguno46"]
[Result "1-0"]
[WhiteElo "2837"]
[BlackElo "2575"]
[TimeControl "180+1"]
[EndTime "15:06:19 PDT"]
[Termination "K_A_S_T_O_R won on time"]

1. e4 c5 2. Nf3 g6 3. d4 cxd4 4. Nxd4 Nc6 5. c4 Nf6 6. Nc3 d6 7. f3 Nxd4 8. Qxd4 Bg7 9. Be3 O-O 10. Qd2 a5 11. Na4 Nd7 12. Rd1 b6 13. b3 Bb7 14. Be2 Nc5 15. Nc3 f5 16. exf5 gxf5 17. O-O Rf7 18. Rfe1 Qf8 19. Nd5 Bxd5 20. Qxd5 Kh8 21.
f4 Rb8 22. Bf3 Rf6 23. Bf2 Rh6 24. g3 Rf6 25. Kg2 Qf7 26. Qxf7 Rxf7 27. Bh5 Rff8 28. Rxe7 Rfd8 29. Bf3 a4 30. b4 Ne4 31. Bxe4 fxe4 32.
Rxe4 b5 33. c5 dxc5 34. Rxd8+ Rxd8 35. bxc5 Bc3 36. c6 Rc8 37. Re6 Kg8 38. a3 Kf7 39. Rd6 b4 40. axb4 Bxb4 41. Rd7+ Ke6 42. Rxh7 Rxc6 43.
Ra7 a3 44. Kf3 Rc3+ 45. Kg4 Rc2 46. Bg1 Rg2 47. Bd4 Rxh2 48. Ra4 Be7 49. f5+ Kd5 50. f6 Bd6 51. Ba1 Rg2 52. Ra5+ Kc4 53. Kf5 Rxg3 54. Ke6 Bb4 55. Ra8 Re3+ 56. Kf5 Re1 57. Be5 Rf1+ 58. Ke6 Re1 59. Kf5 Rf1+ 60. Kg6 Rg1+ 61. Kf7 Kb3 62. Rb8 Kc4 63. Ke6 Re1 64. f7 Rf1 65. Bf6 1-0

[Event "Late-Titled-Tuesday-Blitz-July-09-2024"]
[Site "Chess.com"]
[Date "2024.07.09"]
[Round "6"]
[White "honestgames"]
[Black "HaryKane"]
[Result "0-1"]
[WhiteElo "2808"]
[BlackElo "2589"]
[TimeControl "180+1"]
[EndTime "15:06:22 PDT"]
[Termination "HaryKane won by resignation"]

1. e4 c5 2. Nf3 Nc6 3. d4 cxd4 4. Nxd4 g6 5. c4 Bg7 6. Be3 Nf6 7. Nc3 Ng4 8. Qxg4 Nxd4 9. Qd1 e5 10. Bd3 O-O 11. O-O a6 12. Ne2 d6 13. Nxd4 exd4 14. Bd2 Be6 15. f4 f5 16. exf5 Bxf5 17. Qf3 Qb6 18.
b3 Rae8 19. Rae1 Re3 20. Bxe3 Bxd3 21. Bd2 Bxf1 22. Qd5+ Kh8 23. Kxf1 h6 24. Re6 Qd8 25. g3 g5 26. Kg2 Qd7 27. Rxd6 Qe8 28. Qe6 Qh5 29.
Rd7 Qd1 30. Bb4 Rg8 31. fxg5 Qc2+ 32. Kh3 hxg5 33. Bc5 Qh7+ 34. Kg4 Qd3 35. Bd6 Qd1+ 36.
Kh3 g4+ 37. Qxg4 Qf1+ 38. Kh4 Bf6+ 39. Kh5 Rxg4 40. Kxg4 Qe2+ 41. Kf5 Bg7 42. Bf4 Qd3+ 43. Ke6 Qe4+ 44. Kf7 Qf5+ 45. Ke8 Qe6+ 46. Kd8 Bf6+ 47. Kc8 Qe8+ 48. Kc7 Be5+ 49. Bxe5+ Qxe5+ 50. Kxb7 Qe4+ 51. Kb6 d3 52. c5 Qb4+ 53. Kc6 Qb5+ 54. Kd6 d2 55.
Rd8+ Kh7 56. Ke6 Qc6+ 57. Rd6 Qxd6+ 58. cxd6 d1=Q 59. d7 Kg7 60. Ke7 Qe2+ 61. Kd6 Qd3+ 62. Kc7 Qc3+ 63. Kb7 Qd4 64. Kc8 Qc5+ 65. Kb7 Qd6 66.
Kc8 Qc6+ 67. Kd8 Kf7 68. b4 Ke6 0-1

[Event "Late-Titled-Tuesday-Blitz-July-09-2024"]
[Site "Chess.com"]
[Date "2024.07.09"]
[Round "6"]
[White "SRob2003"]
[Black "ReinisUz"]
[Result "1-0"]
[WhiteElo "2715"]
[BlackElo "2550"]
[TimeControl "180+1"]
[EndTime "15:06:23 PDT"]
[Termination "SRob2003 won by resignation"]

1. a3 a6 2. b3 b6 3. c3 c6 4. d3 d6 5. e3 e6 6. f3 f6 7. g3 g6 8. h3 h6 9. Ra2 Ra7 10. h4 h5 11. Nh3 Nh6 12. Rg2 Rg7 13. Rgg1 Rgg8 14. Rh2 Rh7 15. Ra2 Ra7 16. Ra1 Ra8 17.
a4 a5 18. Na3 Na6 19. Nc2 Nc7 20. Nf2 Nf7 21. Rh1 Rh8 22. Be2 Be7 23. Bd2 Bd7 24. Kf1 Kf8 25. Kg2 Kg7 26. e4 e5 27. Ne3 Ne6 28. Qc2 Qc7 29. Nh3 Nh6 30. f4 Ng4 31. f5 Nxe3+ 32. Bxe3 Nc5 33. d4 Nxe4 34. Qxe4 Bxf5 35.
Qf3 d5 36. Qf1 Bd6 37. dxe5 Bxe5 38. Bf4 Rhe8 39. Bd3 Bg4 40. Re1 Qe7 41. Nf2 Bd7 42. Qe2 Qc5 43. Bxe5 fxe5 44. Qd2 e4 45. Bxe4 Rad8 46.
Bf3 Rf8 47. Qd4+ Qxd4 48. cxd4 Rf7 49. Nd3 Bf5 50. Ne5 Rc7 51. Rc1 c5 52. Rhd1 Be6 53. Rd2 Kf6 54. Nd3 Rdc8 55. dxc5 bxc5 56. Nf4 d4 57. Nxe6 Kxe6 58. Re1+ Kf6 59. Rf2 Kg7 60. Be2 Re7 61. Ref1 Re3 62. Bc4 d3 63. Rf7+ Kh6 64.
Rd7 Rce8 65. Rff7 Rh8 66. Rxd3 Re2+ 67. Rf2 Rxf2+ 68. Kxf2 Re8 69. Rd6 Rf8+ 70. Kg2 Re8 71. Bf7 Re2+ 72. Kf3 1-0

[Event "Late-Titled-Tuesday-Blitz-July-09-2024"]
[Site "Chess.com"]
[Date "2024.07.09"]
[Round "6"]
[White "Aygehovit1992"]
[Black "vi_pranav"]
[Result "1-0"]
[WhiteElo "2795"]
[BlackElo "2978"]
[TimeControl "180+1"]
[EndTime "15:06:28 PDT"]
[Termination "Aygehovit1992 won by resignation"]

1. e4 e5 2. Bc4 Nf6 3. d3 Nc6 4. Nc3 Na5 5. Nge2 Nxc4 6. dxc4 Bc5 7. h3 h6 8. Qd3 d6 9. O-O O-O 10. b3 a5 11. a4 Nh5 12. Be3 Bxe3 13. Qxe3 c6 14.
Rad1 Qf6 15. Rd2 Rd8 16. Rfd1 Nf4 17. c5 Qg5 18. Qg3 Ne6 19. cxd6 Bd7 20. Qxg5 hxg5 21.
f3 f6 22. Kf2 Kf7 23. Nb1 Nc5 24. Na3 Be6 25. Ng3 Rd7 26. Nf1 Rb8 27. Ne3 b5 28. axb5 cxb5 29. Nb1 a4 30. b4 Nb7 31. Na3 Nd8 32.
Nd5 Rxd6 33. Nc7 Rxd2+ 34. Rxd2 Nc6 35. Rd6 Nd4 36. c3 Rc8 37. cxd4 Rxc7 38. Nxb5 Rc2+ 39. Kg3 Bc4 40. Na3 Rc3 41. Nxc4 Rxc4 42. dxe5 Rxb4 43. exf6 gxf6 44. Ra6 Kg7 45. Kg4 Rb2 46.
g3 Ra2 47. Kf5 a3 48. Rxf6 Rf2 49. Kxg5 a2 50. Ra6 Rxf3 51. Ra7+ Kf8 52. Kg4 Rf2 53.
h4 Kg8 54. h5 Rh2 55. Kg5 Rg2 56. g4 Kh8 57. e5 Kg8 58. e6 Re2 59. Ra8+ Kh7 60.
Ra7+ Kg8 61. Kf6 Rf2+ 62. Kg6 Kf8 63. h6 Re2 64. Kf5 Rf2+ 65. Kg5 Re2 66. Ra8+ Ke7 67. h7 Rh2 68. Rxa2 Rxh7 69. Ra7+ 1-0

[Event "Late-Titled-Tuesday-Blitz-July-09-2024"]
[Site "Chess.com"]
[Date "2024.07.09"]
[Round "6"]
[White "Zq1"]
[Black "stollenmonster"]
[Result "1-0"]
[WhiteElo "2593"]
[BlackElo "2853"]
[TimeControl "180+1"]
[EndTime "15:06:31 PDT"]
[Termination "Zq1 won by resignation"]

1. d4 Nf6 2. c4 e6 3. Nc3 d5 4. cxd5 Nxd5 5. Nf3 Be7 6. g3 b6 7. Bg2 Bb7 8. O-O O-O 9. Qc2 Nd7 10. Nxd5 Bxd5 11.
e4 Bb7 12. Rd1 Rc8 13. Bf4 h6 14. d5 exd5 15. exd5 Bd6 16. Bxd6 cxd6 17. Qa4 Nc5 18. Qa3 a5 19. Nd4 Qf6 20. b4 axb4 21. Qxb4 Ba8 22. Nc6 Rfe8 23. Qxb6 Re2 24. Rf1 Bxc6 25. dxc6 Rb2 26.
Qa7 Ne6 27. Rab1 Rc2 28. Rb8 Qd8 29. Rxc8 Qxc8 30. Qb7 Qd8 31. Qb3 Rc5 32. Rd1 Nc7 33.
Qb4 Qe7 34. Qd4 d5 35. Qb4 Qd6 36. Qb8+ Kh7 37. Bxd5 Rxd5 38. Rxd5 Qxd5 39. Qxc7 Qd1+ 40. Kg2 Qd5+ 41. f3 Qxa2+ 42. Kh3 Qe6+ 43. g4 Qd5 44. Kg3 Qd1 45. Qd7 Qg1+ 46. Kf4 Qxh2+ 47. Ke3 Qg1+ 48. Kd3 Qd1+ 49. Ke4 Qe2+ 50. Kf4 Qh2+ 51. Kf5 Qc2+ 52. Ke5 Qc5+ 53. Qd5 Qe7+ 54. Kd4 Qb4+ 55. Ke5 Qe7+ 56. Kf4 Qc7+ 57. Ke4 Qe7+ 58. Kd3 Qa3+ 59. Kc4 Qa2+ 60. Kc5 Qa3+ 61. Kb6 Qb4+ 62. Ka7 Qa3+ 63. Kb7 Qe7+ 64. c7 Qb4+ 65. Kc8 Qf8+ 66. Kd7 f5 67.
Qxf5+ Qxf5+ 68. gxf5 h5 69. c8=Q Kh6 70. Qe8 Kg5 71.
Qg6+ Kf4 72. Qxg7 Ke3 73. f6 1-0

[Event "Late-Titled-Tuesday-Blitz-July-09-2024"]
[Site "Chess.com"]
[Date "2024.07.09"]
[Round "6"]
[White "Bilan_Danila"]
[Black "artin10862"]
[Result "1/2-1/2"]
[WhiteElo "2599"]
[BlackElo "2930"]
[TimeControl "180+1"]
[EndTime "15:06:41 PDT"]
[Termination "Game drawn - insufficient material"]

1. d4 e6 2. Nf3 Nf6 3. g3 g6 4. Bg2 Bg7 5. O-O O-O 6. c4 b6 7. Nc3 Bb7 8. Bg5 h6 9. Bf4 d6 10. Qd2 Kh7 11. Ng5+ hxg5 12. Bxb7 gxf4 13. Bxa8 fxg3 14.
hxg3 c6 15. d5 cxd5 16. cxd5 e5 17. Kg2 e4 18. Qf4 Re8 19. Bc6 Re5 20. Rh1+ Kg8 21. f3 Nh5 22. Qd2 e3 23. Qd4 Rg5 24. Qxe3 Nxg3 25.
Qe8+ Qxe8 26. Bxe8 Bxc3 27. bxc3 Nxh1+ 28. Kxh1 Rxd5 29. Kg2 Re5 30. Ba4 Rxe2+ 31. Kg3 Re6 32. Bb3 Rf6 33. Re1 Kf8 34. Rh1 Kg7 35. Re1 Nc6 36. Re8 Na5 37.
Bd5 Rf5 38. c4 Re5 39. Ra8 b5 40. Rxa7 Nxc4 41. Rxf7+ Kh6 42. Bxc4 bxc4 43. Rc7 d5 44. a4 Re3 45. Rc5 Ra3 46. Rxd5 Rxa4 47. Rc5 Kg7 48. Kf4 Kf6 49. Rc6+ Kf7 50. Kg5 Ra5+ 51. Kg4 Ra4 52.
Kg5 Rb4 53. Rc7+ Ke6 54. Kxg6 Kd5 55. f4 Rb6+ 56. Kg7 Rb1 57. f5 Rg1+ 58. Kf7 Kd4 59. f6 c3 60. Kf8 Rg5 61. f7 Kd3 62. Rd7+ Ke2 63. Ke8 Re5+ 64. Re7 Rxe7+ 65. Kxe7 c2 66. f8=Q c1=Q 67. Qf6 Qc5+ 68. Qd6 Qa7+ 69. Qd7 Qa3+ 70. Qd6 Qf3 71. Qe6+ Kf1 72. Qf6 Qf2 73. Qxf2+ Kxf2 1/2-1/2

[Event "Late-Titled-Tuesday-Blitz-July-09-2024"]
[Site "Chess.com"]
[Date "2024.07.09"]
[Round "6"]
[White "swayamsm"]
[Black "MarcoRiehle"]
[Result "0-1"]
[WhiteElo "2632"]
[BlackElo "2863"]
[TimeControl "180+1"]
[EndTime "15:06:42 PDT"]
[Termination "MarcoRiehle won by resignation"]

1. d4 d5 2. c4 e6 3. Nc3 c5 4. cxd5 cxd4 5. Qa4+ Bd7 6. Qxd4 exd5 7. Nxd5 Nc6 8.
Qe4+ Nge7 9. Nxe7 Bxe7 10. Nf3 O-O 11. e3 Re8 12. Bd2 Bb4 13. Qc2 Rc8 14. Bc4 Bxd2+ 15. Qxd2 Bg4 16. Qxd8 Rexd8 17. Be2 Nb4 18. O-O Rc2 19.
Rfd1 Rdc8 20. Nd4 Rxe2 21. Nxe2 Bxe2 22. Rd4 Nc6 23. Rd7 Ba6 24. Rad1 g6 25. f3 Kg7 26.
Kf2 Ne5 27. R7d2 h5 28. b3 h4 29. h3 Rc3 30. e4 Nd3+ 31. Kg1 g5 32. Rb1 Kf6 33.
Kh2 Ke5 34. g3 Kf6 35. Rg1 Ne5 36. Rf2 Rxf3 37. Kg2 Rxf2+ 38. Kxf2 hxg3+ 39. Kxg3 Ke6 40. Rc1 Kd6 41. Rc8 Bb5 42. Rg8 f6 43. Rf8 Ke7 44.
Rh8 Bc6 45. h4 gxh4+ 46. Rxh4 Ke6 47. Kf2 Ng6 48. Rg4 Ne5 49. Rh4 Nd3+ 50. Ke3 Nc5 51. b4 Nxe4 52. b5 Bd5 53. a4 Nd6 54. Rh7 Nf5+ 55.
Kd3 Ne7 56. a5 b6 57. a6 Bg2 58. Kd4 Bf1 59. Rh5 Nf5+ 60. Kc3 Bxb5 61. Rh7 Ne7 62. Kb4 Bxa6 63. Rh1 Bb7 64. Re1+ Kd6 65. Ra1 a6 66. Kc4 b5+ 67. Kd4 Nc6+ 68. Ke4 Ke6 69. Kf4 a5 70. Re1+ Ne5 71. Rc1 a4 72. Rc7 Bc6 73. Ra7 b4 74. Ra6 a3 75. Ke3 Kd5 76. Kd2 f5 77. Kc2 Kc5 78.
Kb3 Kb5 79. Ra8 Bd5+ 80. Kc2 f4 81. Rb8+ Kc5 82. Rc8+ Kd4 83. Rf8 f3 84. Rf4+ Kc5 85.
Kc1 Nd3+ 86. Kd1 Nxf4 0-1

[Event "Late-Titled-Tuesday-Blitz-July-09-2024"]
[Site "Chess.com"]
[Date "2024.07.09"]
[Round "6"]
[White "alreadybroken23"]
[Black "FollowRivers"]
[Result "1/2-1/2"]
[WhiteElo "2659"]
[BlackElo "2497"]
[TimeControl "180+1"]
[EndTime "15:06:45 PDT"]
[Termination "Game drawn - insufficient material"]

1. e4 c5 2. Nf3 d6 3. d4 cxd4 4. Nxd4 Nf6 5. Nc3 g6 6. Be3 Nc6 7. f3 h5 8. Qd2 Nxd4 9. Qxd4 Bg7 10. O-O-O O-O 11. Qd2 Qa5 12. Kb1 Be6 13. Nd5 Qd8 14.
Nxf6+ Bxf6 15. Bd4 Bxd4 16. Qxd4 Qc7 17. h4 Rfc8 18. c3 Qa5 19. a3 Rc6 20. f4 Qb6 21. Qxb6 Rxb6 22. Bd3 Rc8 23. Ka1 Bc4 24. Bb1 Kg7 25.
Rdg1 Be2 26. Re1 Bg4 27. Rhf1 Rc5 28. Re3 a5 29. Bd3 Bd7 30. Rfe1 Bb5 31. Bc2 Bd7 32. b4 Rc7 33. Kb2 Be6 34. f5 Bc4 35. Rg1 axb4 36. cxb4 gxf5 37. exf5 Kf6 38. g4 hxg4 39.
Rxg4 d5 40. h5 Rc8 41. h6 Rh8 42. Rh3 Rd6 43. h7 Rdd8 44. Rh6+ Ke5 45. Rg7 d4 46. f6 exf6 47. Rg1 d3 48. Re1+ Kd4 49. Rh4+ Kd5 50. Bb1 b5 51. Kc3 Kc6 52. Rh6 Rd6 53. Rd1 f5 54. Rxd6+ Kxd6 55. Bxd3 Bxd3 56. Rxd3+ Ke5 57. Re3+ Kf4 58. Re7 Rxh7 59. Rb7 Rh3+ 60. Kd4 Rxa3 61. Rxb5 Kg4 62. Rb7 f6 63. Rg7+ Kf3 64. Rf7 f4 65. Rxf6 Rb3 66. Kc4 Rb1 67. b5 Ke3 68. Re6+ Kf2 69.
b6 f3 70. Kc5 Kg2 71. Rg6+ Kf1 72. Rf6 f2 73. Kc6 Kg2 74. Rxf2+ Kxf2 75. Kc7 Rc1+ 76. Kd8 Rb1 77. Kc7 Ke3 78. b7 Rc1+ 79. Kd7 Rb1 80. Kc7 Kd4 81. b8=Q Rxb8 82. Kxb8 1/2-1/2

[Event "Late-Titled-Tuesday-Blitz-July-09-2024"]
[Site "Chess.com"]
[Date "2024.07.09"]
[Round "6"]
[White "DanielDardha2005"]
[Black "ChessSwole"]
[Result "0-1"]
[WhiteElo "2896"]
[BlackElo "2722"]
[TimeControl "180+1"]
[EndTime "15:06:48 PDT"]
[Termination "ChessSwole won by resignation"]

1. d4 e6 2. Nf3 c5 3. e3 Nf6 4.
c4 cxd4 5. exd4 d5 6. Nc3 Be7 7.
cxd5 Nxd5 8. Bd3 O-O 9. O-O Nc6 10. a3 Nxc3 11. bxc3 Qa5 12. Bd2 Bd7 13. h4 Rfd8 14.
Ng5 h6 15. Qh5 Be8 16. Bh7+ Kf8 17. Rfe1 hxg5 18. Bd3 Bf6 19. Rab1 Nxd4 20. hxg5 Be5 21. Rxb7 g6 22. Qd1 Nf5 23. Bxf5 exf5 24. Qe2 Bc6 25. Rb4 Qd5 26. f3 Bg7 27. Bf4 Kg8 28. Rc1 Re8 29. Qf2 Rac8 30. Be3 Qd3 31. Bd4 Bxd4 32. Rxd4 Qa6 33.
Qh4 Qb7 34. Kf2 Qe7 35. Rh1 Qe3+ 36. Kg3 Qe5+ 37. f4 Qg7 38. Rd3 Re4 39. Rdd1 Rce8 40.
Kh2 Re2 41. Rdg1 Qxc3 42. Qh3 Qxh3+ 43. Kxh3 R8e3+ 44. Kh2 Kg7 45. a4 Re4 46. Rf1 Rc4 47.
Rhg1 Rcc2 48. Rc1 Rxg2+ 49. Rxg2 Rxc1 50. Rd2 Rc4 51. Rd6 Be4 52. a5 Ra4 53. a6 Bf3 54. Kg3 Be2 55. Rc6 Bxa6 56. Rc7 Ra3+ 57. Kh4 Ra4 58.
Kg3 Bb5 59. Rb7 Bc6 60. Rc7 Rc4 61. Re7 a5 62. Re3 a4 63. Ra3 Rb4 64. Rc3 Rb3 65.
Kh4 Bg2 66. Rd3 Rb4 67. Rh3 Be4 68. Re3 Rb3 69. Kg3 Rxe3+ 70. Kh4 Re2 71. Kg3 Rb2 72. Kh4 a3 73. Kg3 a2 74. Kh4 a1=Q 75. Kg3 Qe1+ 76. Kh3 Qh1+ 0-1

[Event "Late-Titled-Tuesday-Blitz-July-09-2024"]
[Site "Chess.com"]
[Date "2024.07.09"]
[Round "6"]
[White "MKlose11"]
[Black "David_George21"]
[Result "1-0"]
[WhiteElo "2664"]
[BlackElo "2482"]
[TimeControl "180+1"]
[EndTime "15:06:53 PDT"]
[Termination "MKlose11 won by resignation"]

1. e4 c5 2. Nc3 Nc6 3. g3 g6 4. d3 Bg7 5. Bg2 e6 6. Be3 Nge7 7.
Bxc5 Qa5 8. Be3 d5 9. Bd2 Qb6 10. Rb1 d4 11. Nce2 O-O 12. f4 e5 13. Nf3 Qc7 14. O-O f6 15. c4 a6 16. fxe5 fxe5 17. Kh1 h6 18. Neg1 b5 19. b3 bxc4 20. bxc4 Nb8 21. Bh3 Nd7 22. Qc1 Kh7 23. Qc2 Nc5 24. Bxc8 Raxc8 25. Kg2 Nc6 26. a3 a5 27. Ne2 a4 28.
Bb4 Nxb4 29. axb4 Nb3 30. Nc1 Nxc1 31. Rbxc1 Qb6 32. Qxa4 Ra8 33. Qb3 Rfb8 34. b5 Qc5 35. Ra1 Rf8 36. Qb2 g5 37. Rxa8 Rxa8 38. Ra1 Rf8 39. Ra6 Qe7 40. b6 Qf7 41. Qe2 Qb7 42. Qa2 Qf7 43. Qe2 Qb7 44. Ra7 Qxb6 45. Re7 Qf6 46. Rb7 Ra8 47. Rb2 Ra3 48. Rc2 Qa6 49. c5 Qc6 50. Nd2 Ra5 51. Nb3 Rb5 52. Nd2 Rxc5 53. Rxc5 Qxc5 54. Nc4 Qe7 55. Qf3 Qf6 56. Qf5+ Qxf5 57. exf5 g4 58. h3 h5 59. Nd6 Bf6 60. Ne4 Kg7 61. h4 Bd8 62.
Kf2 Ba5 63. Ke2 Bb4 64. Kd1 Ba5 65. Kc2 Be1 66. Kb3 Kf7 67. Kc4 Ba5 68. Kd5 Bc7 69. Ng5+ Kf6 70. Ke4 Ba5 71. Nh7+ Kg7 72. Ng5 Kf6 73.
Kd5 Kxf5 74. Ne4 Be1 75. Kd6 Bc3 76. Kd5 Bd2 77. Nd6+ Kf6 78. Ne4+ Kf5 79. Nxd2 Kf6 80. Ne4+ Kf7 81. Kxe5 Ke7 82. Kxd4 Ke6 83. Ke3 1-0

[Event "Late-Titled-Tuesday-Blitz-July-09-2024"]
[Site "Chess.com"]
[Date "2024.07.09"]
[Round "6"]
[White "Hikaru"]
[Black "ChristopherYoo"]
[Result "1/2-1/2"]
[WhiteElo "3214"]
[BlackElo "3044"]
[TimeControl "180+1"]
[EndTime "15:07:01 PDT"]
[Termination "Game drawn by repetition"]

1. e4 c5 2. Nf3 Nc6 3. c3 Nf6 4. Bd3 d6 5. Bc2 Bg4 6. d3 g6 7.
Nbd2 Bg7 8. h3 Bd7 9. O-O O-O 10. Re1 Qc7 11. Nf1 b5 12. d4 cxd4 13. cxd4 e5 14.
d5 Nb4 15. Bb1 Rac8 16. Ne3 Bh6 17. Bd2 a5 18. a3 Na6 19. b4 Bxe3 20. Rxe3 axb4 21.
axb4 Qb7 22. Rea3 Ra8 23. Bg5 Kg7 24. Qd2 Ng8 25. Be3 f5 26. exf5 gxf5 27. Qc1 f4 28.
Bd2 Nf6 29. Qb2 Nc7 30. Nxe5 dxe5 31. d6 Ne6 32. Qxe5 Rxa3 33. Rxa3 Qd5 34. Qxd5 Nxd5 35.
Ba2 Nb6 36. Bc3+ Kh6 37. Ra7 Ra8 38. Rxd7 Rxa2 39. Re7 Ng5 40. d7 Nxd7 41. Rxd7 Ne4 42. Bd4 Ra4 43. Bc5 Nxc5 44. bxc5 Rc4 45. Rd6+ Kg5 46.
c6 b4 47. Rd7 h5 48. Rb7 Rxc6 49. Rb5+ Kg6 50. Rxb4 Kg5 51. Rb5+ Kg6 52. h4 Rc1+ 53. Kh2 f3 54. gxf3 Rc3 55. Kg3 Ra3 56. Re5 Ra4 57.
Re6+ Kg7 58. f4 Ra3+ 59. f3 Ra1 60. f5 Rg1+ 61. Kf4 Kf7 62. Rh6 Ra1 63. Rxh5 Kf6 64.
Rh6+ Kf7 65. Rb6 Rh1 66. Rh6 Kg7 67. Rh5 Kf6 68. Rh7 Ra1 69. Rh6+ Kf7 70. h5 Rh1 71. f6 Ke6 72. Kg3 Kf7 73. Kg4 Ke6 74. Kf4 Rh4+ 75. Kg5 Rh1 76. Kg6 Rg1+ 77. Kh7 Kf7 78. Rg6 Rf1 79. Rg3 Kxf6 80. h6 Kf7 81. Rg7+ Kf8 82.
Rg3 Kf7 83. Rh3 Rf2 84. Kh8 Rf1 85. Rg3 Rf2 86. Kh7 Rf1 1/2-1/2

[Event "Late-Titled-Tuesday-Blitz-July-09-2024"]
[Site "Chess.com"]
[Date "2024.07.09"]
[Round "6"]
[White "JEHUBNER"]
[Black "SharathRk6"]
[Result "0-1"]
[WhiteElo "2011"]
[BlackElo "2429"]
[TimeControl "180+1"]
[EndTime "15:07:01 PDT"]
[Termination "SharathRk6 won by checkmate"]

1. e4 e5 2. Nf3 Nc6 3. Bb5 a6 4.
Ba4 Nf6 5. O-O b5 6. Bb3 Bc5 7. c3 d6 8. d4 Bb6 9. Bd5 Nxd5 10. exd5 Ne7 11. dxe5 dxe5 12. Nxe5 Qxd5 13. Qxd5 Nxd5 14.
Rd1 Bb7 15. Nd2 O-O 16. Ndf3 Rfe8 17. Nd7 Ba7 18. Nde5 f6 19. Ng4 Nb6 20. Be3 Bxf3 21. gxf3 Nc4 22. Bxa7 Rxa7 23. b3 Nd6 24. Rd2 Raa8 25.
Rad1 h5 26. Ne3 Re5 27. Nd5 Ne8 28. f4 Re6 29. f5 Re5 30. f4 Re4 31. Rd4 Rxd4 32.
Rxd4 Kf8 33. c4 c6 34. Nb6 Ra7 35. cxb5 axb5 36. a4 bxa4 37. Nxa4 Rb7 38. Nc5 Rb5 39. b4 Kf7 40. Rd7+ Kf8 41. Ne6+ Kg8 42. Rd8 Rxf5 43. Rxe8+ Kf7 44. Nc7 Rxf4 45. Rb8 g5 46. Na6 h4 47. Nc5 g4 48. Nd3 Rd4 49. Nf2 f5 50. Rc8 Rxb4 51. Rxc6 h3 52. Nd3 Rb3 53. Ne5+ Kg7 54. Rc5 Kf6 55.
Nd7+ Kg5 56. Nf8 Rb1+ 57. Kf2 Rh1 58. Kg3 Rg1+ 59. Kf2 Rg2+ 60. Kf1 Rxh2 61. Ne6+ Kf6 62. Nd4 g3 63. Rxf5+ Kg6 64. Rf3 g2+ 65. Kf2 Rh1 66. Rg3+ Kf6 67. Nf3 Rf1+ 68. Ke2 Kf5 69. Rxh3 Kg4 70.
Nh2+ Kxh3 71. Nxf1 g1=Q 72. Ne3 Qg3 73. Kd3 Qf3 74. Kd4 Kg3 75. Nd5 Qe2 76. Nc3 Qe6 77.
Ne4+ Kf4 78. Nd2 Qd6+ 79. Kc3 Qd5 80. Nc4 Ke4 81. Nd2+ Ke3 82. Nc4+ Ke2 83. Nb2 Qc6+ 84. Nc4 Qc5 85. Kb3 Kd3 86. Nb2+ Kd4 87. Na4 Qb5+ 88. Ka3 Kc4 89. Nb2+ Kc3 90. Na4+ Kc2 91. Nb6 Qb3# 0-1

[Event "Late-Titled-Tuesday-Blitz-July-09-2024"]
[Site "Chess.com"]
[Date "2024.07.09"]
[Round "6"]
[White "Nicolik"]
[Black "MatthewG-p4p"]
[Result "1-0"]
[WhiteElo "2736"]
[BlackElo "2917"]
[TimeControl "180+1"]
[EndTime "15:07:45 PDT"]
[Termination "Nicolik won by checkmate"]

1. d4 Nf6 2. c4 c5 3. d5 e6 4. Nc3 exd5 5. cxd5 d6 6. e4 g6 7. h3 Bg7 8. Nf3 O-O 9. Bd3 Re8 10.
O-O Nbd7 11. Bf4 c4 12. Bc2 Nc5 13. Nd2 b6 14. Nxc4 Nfxe4 15. Nxe4 Nxe4 16. Re1 Ba6 17.
Bxe4 Bxc4 18. Rc1 Ba6 19. Qd2 Bb7 20. Bf3 Qd7 21. Qb4 Rxe1+ 22. Rxe1 Rd8 23. Qa3 a5 24. Qe3 b5 25. b3 Bf6 26. Qb6 a4 27. Rc1 Qf5 28.
Bg3 axb3 29. axb3 Bxd5 30. Bg4 Qd3 31. Bxd6 Qxb3 32. Bc7 Bg5 33. Rd1 Re8 34. Qc5 Be6 35. Bf3 Be7 36. Qc6 Rf8 37. Be5 Qc4 38. Qb7 Bb4 39. Ba1 Bc3 40. Bxc3 Qxc3 41. Qxb5 Qc2 42. Qg5 Qc7 43. h4 Kg7 44. h5 h6 45. Qg3 Qxg3 46.
fxg3 g5 47. Re1 Rd8 48. Rc1 Rd2 49. Rb1 Kf6 50. Rb4 Ra2 51. g4 Rd2 52. Kh2 Ke5 53.
Kg3 Rd6 54. Rb5+ Kf6 55. Rb4 Kg7 56. Ra4 Rb6 57. Rd4 Rb3 58. Ra4 Rc3 59. Rd4 Kf6 60. Rb4 Ke5 61. Rb8 Bc8 62. Rb6 Be6 63. Rb8 Kf6 64. Rb6 Kg7 65. Rb4 Rc5 66. Rd4 Ra5 67. Rb4 Ra7 68. Rd4 Rc7 69. Rb4 Rc3 70. Rd4 Bb3 71.
Rb4 Bc2 72. Rd4 Bb3 73. Rb4 Kg8 74. Rd4 Be6 75. Rb4 Kf8 76. Rb8+ Kg7 77. Rb4 f5 78. gxf5 Bxf5 79. Kf2 Rc2+ 80. Ke3 Ra2 81. g4 Ra3+ 82. Kf2 Be6 83. Rb6 Kf7 84. Rb7+ Kf6 85. Rh7 Ke5 86. Rxh6 Ra2+ 87. Kg3 Ra3 88. Rg6 Ra1 89. Rxg5+ Kf6 90. Rc5 Rg1+ 91. Kf4 Ra1 92. g5+ Ke7 93. h6 Ra4+ 94. Be4 Kd6 95. Re5 Bg8 96. g6 Ra1 97.
Rb5 Rf1+ 98. Bf3 Rg1 99. Rg5 Rh1 100. Rh5 Rg1 101. h7 Rxg6 102. h8=Q Be6 103. Qe5+ Kd7 104. Rh7+ Bf7 105.
Rxf7+ Kd8 106. Qb8# 1-0